 Dungeon Crawl Stone Soup version 0.32-a0-40-g2adb59ae06 (webtiles) character file.

Game seed: 2838786252370963340

735 TrayleKats the Fighter (level 7, -3/69 HPs)
             Began as a Hill Orc Monk on Jan 19, 2024.
             Incinerated by a bombardier beetle (4 damage)
             ... with a burning spray
             ... on level 5 of the Dungeon on Jan 24, 2024.
             The game lasted 00:06:08 (4481 turns).

TrayleKats the Fighter (Hill Orc Monk)              Turns: 4481, Time: 00:06:09

Health: -3/69      AC: 13    Str: 16    XL:     7   Next: 74%
Magic:  7/7        EV:  8    Int: 16    God:
Gold:   229        SH:  0    Dex: 13    Spells: 6/6 levels left

rFire   . . .        a - +0 hand axe
rCold   . . .        d - orb {light}
rNeg    . . .        x - +0 chain mail
rPois   .            (no helmet)
rElec   .            y - +0 cloak
rCorr   .            (no gloves)
SInv    .            (no boots)
Will    .....        (no amulet) Stlth
                     i - +4 ring of protection
HPRegen 0.31/turn    k - +6 ring of intelligence
MPRegen 0.10/turn

%: no passive effects
@: confused, on fire, ambrosia-drunk, glowing
A: no striking features
a: no special abilities


You were on level 5 of the Dungeon.
You visited 2 branches of the dungeon, and saw 6 of its levels.

You collected 229 gold pieces.

Inventory:

Hand Weapons
 a - a +0 hand axe (weapon)
Missiles
 g - 8 poisoned darts (quivered)
Armour
 d - an orb of light (worn)
 x - a +0 chain mail (worn)
 y - a +0 cloak (worn)
Jewellery
 i - a +4 ring of protection (left hand)
 k - a +6 ring of intelligence (right hand)
 t - a ring of see invisible
 v - a ring of willpower
Wands
 p - a wand of iceblast (5)
Scrolls
 h - 6 scrolls of identify {unknown}
 l - 2 scrolls of noise {unknown}
 m - a scroll of enchant weapon {unknown}
 n - a scroll of poison {unknown}
 r - 3 scrolls of teleportation {unknown}
 u - 2 scrolls of revelation {unknown}
Potions
 b - a potion of brilliance {unknown}
 e - 2 potions of invisibility {unknown}
 f - 2 potions of lignification {unknown}
 j - 2 potions of heal wounds {unknown}
 o - 3 potions of curing {unknown}
 q - a potion of enlightenment {unknown}
 s - 3 potions of haste {unknown}
 w - a potion of magic {unknown}
 z - a potion of degeneration {unknown}


   Skills:
 * Level 8.3 Fighting
 + Level 7.4 Axes
 - Level 3.2 Dodging


You had 6 spell levels left.
You didn't know any spells.
Your spell library contained the following spells:

 Spells                   Type           Power      Damage    Failure   Level
 Summon Forest            Summ/Tloc      0%         N/A       100%        5
 Summon Mana Viper        Hex/Summ       0%         N/A       100%        5
 Summon Cactus Giant      Summ           0%         N/A       100%        6


Dungeon Overview and Level Annotations

Branches:
Dungeon (5/15)             Temple (1/1) D:4

Altars:
Cheibriados
Elyvilon
Fedhas
Gozag
Makhleb
Nemelex Xobeh
Okawaru
Qazlal
Ru
Sif Muna
Trog
Uskayaw
Xom
Zin
The Shining One

Annotations:
Temple 2 transporters


Message History

The liquid fire burns you!
The bombardier beetle sprays incendiary fluid at you.
The burning spray hits you.
You are even more covered in liquid fire!
You hit the bombardier beetle but do no damage.
The bombardier beetle is almost dead.
The liquid fire burns you!
You hit the bombardier beetle.
You kill the bombardier beetle!
The liquid fire burns you!
You shake off some of the fire as you move.
The liquid fire burns you! The liquid fire burns you!
The liquid fire burns you! The liquid fire burns you!
The liquid fire burns you! The liquid fire burns you!
The liquid fire burns you! The liquid fire burns you!
The liquid fire burns you! The liquid fire burns you!
The liquid fire burns you! The liquid fire burns you!
* * * LOW HITPOINT WARNING * * *
The liquid fire burns you!
* * * LOW HITPOINT WARNING * * *
The liquid fire burns you!
* * * LOW HITPOINT WARNING * * *
The liquid fire burns you!
* * * LOW HITPOINT WARNING * * *
The liquid fire burns you!
* * * LOW HITPOINT WARNING * * *
The liquid fire burns you!
* * * LOW HITPOINT WARNING * * *
The liquid fire burns you!
* * * LOW HITPOINT WARNING * * *
You are confused.
You feel invigorated. The liquid fire burns you!
You die...

#####.# #.#
###..####.#
#######.........#
........#..######
#########..#
.....(. #..#
....... #..#
....... #..#
.......##@.#####
........(......#
.......#..####.#
.......#..#
.....###..# .#.#.
#... # # ##.#.
#.#.# .# #


There were no monsters in sight!

Vanquished Creatures
  2 ice beasts (D:5)
  A black bear (D:4)
  A scorpion (D:5)
  A howler monkey (D:4)
  2 hounds
  A bombardier beetle (D:5)
  A jelly (D:5)
  A sleepcap (D:5)
  Jessica (D:2)
  Terence (D:2)
  6 adders
  2 dart slugs
  4 ribbon worms
  10 orcs
  8 endoplasms
  7 hobgoblins
  5 jackals
  4 quokkas
  9 ball pythons
  8 bats
  5 frilled lizards
  9 goblins
  5 kobolds
  5 rats
99 creatures vanquished.

Notes
Turn   | Place    | Note
-------+----------+-------------------------------------------
     0 | D:1      | TrayleKats the Hill Orc Monk began the quest for the Orb.
     0 | D:1      | Reached XP level 1. HP: 19/19 MP: 1/1
   234 | D:1      | Reached XP level 2. HP: 21/27 MP: 2/2
   446 | D:1      | Reached skill level 4 in Fighting
   461 | D:1      | Found a faded altar of an unknown god.
   840 | D:2      | Reached XP level 3. HP: 33/33 MP: 3/3
  1224 | D:2      | Reached XP level 4. HP: 37/41 MP: 4/4
  1355 | D:2      | Noticed Jessica
  1368 | D:2      | Killed Jessica
  1369 | D:2      | Reached skill level 5 in Axes
  1606 | D:2      | Noticed Terence
  1621 | D:2      | Killed Terence
  1622 | D:2      | Reached XP level 5. HP: 15/47 MP: 5/5
  1941 | D:3      | Reached skill level 5 in Fighting
  2091 | D:3      | Noticed a +0 short sword
  2091 | D:3      | Noticed a +0 spear
  2091 | D:3      | Noticed a +0 short sword
  2092 | D:3      | Noticed a +0 spear
  2092 | D:3      | Noticed a +0 falchion
  2092 | D:3      | Noticed a +0 falchion
  2092 | D:3      | Noticed a +0 dagger
  2092 | D:3      | Noticed a +0 dagger
  2105 | D:3      | Found a hide-covered altar of Uskayaw.
  2913 | D:4      | Reached skill level 6 in Fighting
  2913 | D:4      | Reached XP level 6. HP: 57/57 MP: 6/6
  3317 | D:4      | Noticed a black bear
  3337 | D:4      | Killed a black bear
  3513 | D:4      | Found a staircase to the Ecumenical Temple.
  3686 | Temple   | Found a transporter.
  3686 | Temple   | Found a transporter.
  3686 | Temple   | Found a transporter.
  3686 | Temple   | Found a transporter.
  3686 | Temple   | Entered the Ecumenical Temple
  3738 | D:5      | Entered Level 5 of the Dungeon
  3753 | D:5      | Noticed an ice beast
  3773 | D:5      | Killed an ice beast
  3774 | D:5      | Reached skill level 7 in Fighting
  3774 | D:5      | Reached XP level 7. HP: 47/66 MP: 7/7
  3956 | D:5      | Reached skill level 8 in Fighting
  4397 | D:5      | Found a sacrificial altar of Ru.
  4450 | D:5      | Upgraded the game from 0.32-a0-30-gefbe487952 to
                  | 0.32-a0-40-g2adb59ae06
  4479 | D:5      | HP: 3/69 [burnt (4)]
  4480 | D:5      | HP: 1/69 [burnt (2)]
  4481 | D:5      | Incinerated by a bombardier beetle

Illustrated notes

Levels and vault maps discovered:
D:1:      dpeg_arrival_yet_another_circle, layout_basic,
          hellmonk_ecumenical_altar_arch_garden, minmay_box_of_dots
D:2:      layout_basic, serial_bayou_crossing, uniq_jessica, uniq_terence
D:3:      layout_basic, nicolae_uskayaw_en_pointe, st_stairs_9, minmay_pentangle
D:4:      nicolae_cairo_tiling_large, layout_loops_corners,
          minmay_temple_entry_drinking_statues
D:5:      layout_loops_ring, kennysheep_mini
Temple:   hellmonk_temple_divided_pantheon

Skill      XL: |  1  2  3  4  5  6  7 |
---------------+----------------------+-----
Fighting       | 4 6 7 8 |  8.3
Dodging        | 3 |  3.2
Axes           | 5 6 7 |  7.4

Action                     |  1- 3 |  4- 6 |  7- 9 || total
---------------------------+-------+-------+-------++-------
  Melee: Hand axe          |   131 |   204 |    54 ||   389
  Throw: Dart              |     6 |    13 |     1 ||    20
    Use: Potion            |       |       |     1 ||     1
 Armour: Robe              |    46 |       |       ||    46
         Ring mail         |    44 |    61 |       ||   105
         Chain mail        |       |    93 |    29 ||   122
  Dodge: Dodged            |    81 |    84 |    18 ||   183

Table legend: (Time is in decaauts)
 A = Elapsed time spent in this place.
 B = Non-inter-level travel time spent in this place.
 C = Inter-level travel time spent in this place.
 D = Time resting spent in this place.
 E = Time spent auto-exploring this place.
 F = Levels seen in this place.
 G = Mean time per level.
                   A        B        C        D        E       F      G
               +--------+--------+--------+--------+--------+-----+--------+
         Total |   4495 |   4391 |    104 |    607 |   2865 |   6 |  749.2 |
       Dungeon |   4479 |   4389 |     90 |    607 |   2865 |   5 |  895.8 |
        Temple |     15 |      1 |     14 |      0 |      0 |   1 |   15.0 |
               +--------+--------+--------+--------+--------+-----+--------+

Top non-repeatable levels by time:
     D:4: 1104 daAuts
     D:2: 1089 daAuts
     D:1: 817 daAuts
     D:5: 739 daAuts
     D:3: 728 daAuts
  Temple: 15 daAuts
